 Dungeon Sprint DCSS version 0.22-a0-136-g83a10e5898 (webtiles) character file.

17 Denreik the Skirmisher (level 2, -3/27 HPs)
             Began as a Formicid Arcane Marksman on Feb 2, 2018.
             Slain by a scorpion (9 damage)
             ... in the Dungeon (Sprint IX: "|||||||||||||||||||||||||||||").
             The game lasted 00:00:53 (103 turns).

Denreik the Skirmisher (Formicid Arcane Marksman)    Turns: 103, Time: 00:00:54

Health: -3/27      AC:  2    Str: 14    XL:     2   Next: 80%
Magic:  3/3        EV: 12    Int: 12    God:
Gold:   0          SH:  0    Dex: 11    Spells: 2/3 levels left

rFire    . . .     SeeInvis +   a - +0 hand crossbow
rCold    . . .     Gourm    .   (no shield)
rNeg     . . .     Faith    .   l - +0 robe
rPois    .         Spirit   .   (helmet unavailable)
rElec    .         Reflect  .   (no cloak)
rCorr    .         Harm     .   (no gloves)
MR       .....                  (no boots)
Stlth    +.........             (no amulet)
HPRegen  0.09/turn              (no ring)
MPRegen  0.08/turn              (no ring)

@: no status effects
A: permanent stasis, dig shafts and tunnels, four strong arms, antennae 3
a: Dig


You were in the Dungeon.
You were not hungry.

You visited 1 branch

Inventory:

Hand Weapons
 a - a +0 hand crossbow (weapon)
Missiles
 d - 10 bolts (quivered)
Armour
 l - a +0 robe (worn)
Scrolls
 k - a scroll of blinking
Potions
 g - a potion of heal wounds
 h - a potion of haste
 i - 2 potions of magic
 j - a potion of berserk rage
Books
 c - a book of Debilitation

   Spells                             Type                      Level
   a - Corona                         Hexes                        1
   b - Slow                           Hexes                        2
   c - Inner Flame                    Hexes/Fire                   3
   d - Portal Projectile              Hexes/Translocation          3
   e - Cause Fear                     Hexes                        4
   f - Leda's Liquefaction            Hexes/Earth                  4
Comestibles
 b - 6 chunks of flesh
 f - a ration


   Skills:
 * Level 5.6 Fighting
 - Level 2.0 Crossbows
 - Level 1.7 Dodging
 - Level 1.1 Spellcasting
 - Level 3.6 Hexes


You had 2 spell levels left.
You knew the following spells:

 Your Spells              Type           Power        Failure   Level  Hunger
a - Corona                Hex            #......      7%          1    ##.....


Dungeon Overview and Level Annotations

Branches:
Dungeon (1/1)

Altars:


Innate Abilities, Weirdness & Mutations

You cannot be hasted, slowed, berserked, paralysed or teleported.
You can dig through walls and to a lower floor.
Your four strong arms can wield two-handed weapons with a shield.
You have a pair of large antennae on your head. (SInv)


Message History

You shoot a bolt.
The bolt hits the scorpion but does no damage.
The scorpion stings you.
* * * LOW HITPOINT WARNING * * *
The scorpion closely misses you.
Firing (i - inventory)
d - 12 bolts (quivered)
Press: ? - help, Shift-Dir - straight line, f/p - scorpion
Aim: a scorpion You shoot a bolt.
The bolt hits the scorpion.
The scorpion is moderately wounded.
The scorpion stings you.
* * * LOW HITPOINT WARNING * * *
Firing (i - inventory)
d - 11 bolts (quivered)
Press: ? - help, Shift-Dir - straight line, f/p - scorpion
Aim: a scorpion (moderately wounded)
You shoot a bolt. The bolt closely misses the scorpion.
The bolt hits the orc priest.
The orc priest is lightly wounded.
The scorpion stings you!
You die... ▓▓▓▓▓▓▓▓▓▓▓▓▓▓▓▓▓▓ ▓<...'....@sog...+ ▓▓▓▓▓▓▓▓▓▓▓▓▓▓▓▓▓▓

You could see a scorpion, an orc priest and a gnoll.

Vanquished Creatures
  An adder (D)
  2 leopard geckos (D)
  A ball python (D)
  A giant cockroach (D)
  2 rats (D)
7 creatures vanquished.

Vanquished Creatures (others)
  A spatial maelstrom (D)
1 creature vanquished.

Grand Total: 8 creatures vanquished

Notes
Turn   | Place    | Note
-------+----------+-------------------------------------------
     0 | D        | Denreik the Formicid Arcane Marksman began the quest for the Orb.
     0 | D        | Reached XP level 1. HP: 15/15 MP: 2/2
     7 | D        | Reached skill level 2 in Fighting
     7 | D        | Banished a spatial maelstrom
     9 | D        | Reached skill level 3 in Fighting
    12 | D        | Reached skill level 4 in Fighting
    12 | D        | Reached XP level 2. HP: 18/25 MP: 3/3
    93 | D        | Noticed a scorpion
   100 | D        | Reached skill level 5 in Fighting
   103 | D        | Slain by a scorpion

Vault maps used:
D:        linesprint

Skill      XL: |  1  2 |
---------------+-------+-----
Fighting       | 4 5 |  5.6
Crossbows      | |  2.0
Dodging        | |  1.7
Spellcasting   | |  1.1
Hexes          | |  3.6

Action                   || total
-------------------------++-------
 Fire: Hand crossbow     ||    15
  Use: Potion            ||     1
Armor: Robe              ||     2
Dodge: Dodged            ||    11

Table legend:
 A = Spawn XP
 B = Non-spawn XP
 C = Spawn XP percentage of total XP
 D = Spawn monster count
 E = Non-spawn monster count
 F = Spawn count percentage of total count
 G = Total turns spent on level
                    A         B        C        D         E        F      G
               +---------+---------+-------+---------+---------+-------+---------
         Total |       0 |      25 |   0.0 |       0 |       7 |   0.0 |   103
               +---------+---------+-------+---------+---------+-------+---------
             D |       0 |      25 |   0.0 |       0 |       7 |   0.0 |   103
               +---------+---------+-------+---------+---------+-------+---------
